 Dungeon Crawl Stone Soup version 0.31-a0-716-gc7603755dd (webtiles) character file.

Game seed: 8145315964773948009

6944 Dirtsage the Grappler (level 10, -9/100 HPs)
             Began as a Troll Shapeshifter on Sept 10, 2023.
             Was a High Priest of Uskayaw.
             Killed by divine providence
             ... invoked by an orc priest
              (16 damage)
             ... on level 9 of the Dungeon.
             The game lasted 00:13:41 (6403 turns).

Dirtsage the Grappler (Troll Shapeshifter)          Turns: 6403, Time: 00:13:41

Health: -9/100     AC: 12    Str: 24    XL:     10   Next: 80%
Magic:  13/13      EV: 13    Int:  8    God:    Uskayaw [*****.]
Gold:   255        SH:  8    Dex: 11    Spells: 9/9 levels left

rFire   . .          .
                       - Unarmed
rCold   . . .        M - +0 kite shield
rNeg    . . .        l - +0 acid dragon scales
rPois   .            (helmet currently unavailable)
rElec   .            (cloak currently unavailable)
rCorr   +            (gloves unavailable)
SInv    .            (boots unavailable)
Will    .....        v - amulet of the acrobat
Stlth   +            H - +4 ring of protection
HPRegen 1.16/turn    G - +5 ring of evasion
MPRegen 0.13/turn

%: acrobat
@: beast-form
A: beast (slay +4), large, unfitting armour, claws 3, regeneration 1, shaggy fur
1, tough skin 1
a: Begin Untransformation, Renounce Religion, Stomp, Line Pass, Grand Finale


You were on level 9 of the Dungeon.
You worshipped Uskayaw.
Uskayaw was noncommittal.
You were a hulking beast.
You visited 2 branches of the dungeon, and saw 10 of its levels.

You collected 519 gold pieces.
You spent 264 gold pieces at shops.

Inventory:

Missiles
 y - 2 throwing nets
 S - a curare-tipped dart
Armour
 l - +0 acid dragon scales (worn)
 I - a +0 cloak
 M - a +0 kite shield (worn)
Jewellery
 u - the ring "Dot Qawn" {rPois MP+9}
   (You found it on level 3 of the Dungeon)

   [ring of poison resistance]

   rPois:     It protects you from poison MP+9: It affects your magic capacity
   (+9).
 v - an amulet of the acrobat (around neck)
 w - a ring of willpower
 C - a ring of willpower
 G - a +5 ring of evasion (right claw)
 H - a +4 ring of protection (left claw)
 J - a +6 ring of dexterity
 N - a ring of positive energy
 O - a ring of willpower
 P - a ring of ice
 W - a ring of wizardry
Talismans
 c - a beast talisman (active)
 d - a flux talisman
 p - a serpent talisman
 K - a beast talisman (active)
 Q - a flux talisman
Wands
 s - a wand of paralysis (22)
 A - a wand of flame (26)
 D - a wand of digging (9)
Scrolls
 f - a scroll of butterflies
 i - 2 scrolls of identify
 k - 2 scrolls of amnesia
 n - a scroll of revelation
 o - 2 scrolls of brand weapon
 r - 2 scrolls of fog
 t - 7 scrolls of teleportation
 B - 4 scrolls of blinking
 F - 5 scrolls of enchant armour
 R - a scroll of enchant weapon
Potions
 a - a potion of invisibility {unknown}
 b - 2 potions of lignification
 h - 2 potions of haste
 j - 3 potions of mutation
 m - a potion of brilliance
 q - 2 potions of curing
 x - 2 potions of degeneration
 z - 3 potions of ambrosia
 E - a potion of enlightenment
 L - a potion of cancellation


   Skills:
 + Level 6.4 Fighting
 - Level 1.5 Dodging
 + Level 4.6 Shields
 + Level 10.2 Unarmed Combat
 + Level 6.3 Invocations
 - Level 7.0 Shapeshifting


You had 9 spell levels left.
You didn't know any spells.
Your spell library contained the following spells:

 Spells                   Type           Power      Damage    Failure   Level
 Apportation              Tloc           0%         N/A       75%         1
 Necrotise                Necr           0%         1d4       75%         1
 Summon Small Mammal      Summ           0%         N/A       75%         1
 Lesser Beckoning         Tloc           0%         N/A       86%         2
 Scorch                   Fire           0%         2d5       86%         2
 Call Canine Familiar     Summ           0%         N/A       98%         3
 Gell's Gravitas          Tloc           0%         N/A       98%         3
 Inner Flame              Hex/Fire       0%         N/A       98%         3
 Summon Guardian Golem    Hex/Summ       0%         N/A       98%         3
 Teleport Other           Tloc           0%         N/A       98%         3
 Flame Wave               Conj/Fire      0%         2d4       100%        4
 Sticky Flame             Conj/Fire      0%         2d3       100%        4
 Summon Cactus Giant      Summ           0%         N/A       100%        6
 Chain Lightning          Conj/Air       0%         N/A       100%        9
 Fire Storm               Conj/Fire      0%         5d1       100%        9
 Shatter                  Erth           0%         3d5*      100%        9


Dungeon Overview and Level Annotations

Branches:
Dungeon (9/15)             Temple (1/1) D:4            Lair (0/5) D:9
    Orc: D:9-12

Altars:
Ashenzari
Dithmenos
Elyvilon
Fedhas
Gozag
Kikubaaqudgha
Makhleb
Nemelex Xobeh
Okawaru
Qazlal
Ru
Sif Muna
Trog
Uskayaw
Vehumet
Wu Jian
Xom
Yredelemnul
Zin
The Shining One

Shops:
D:7 (   D:8 ?


Innate Abilities, Weirdness & Mutations

You are a hulking beast.
Your limbs bulge with bestial killing power. (Slay +4)
You are too large for most types of armour.
You have claws for hands.
Your natural rate of healing is unusually fast.
You are covered in fur. (AC +1)
You have tough skin. (AC +1)


Message History

Beogh smites you!
You see here a +0 club.
You take 15 damage, and have 38/100 hp.
You mangle the orc priest!!
Reactivating autopickup.
You feel a bit more experienced.
You kill the orc priest!
The orc warrior hits you from afar with a +0 glaive.
You can now merge with and destroy a victim.
You scratch the orc.
You kill the orc! x2
The orc warrior is no longer sharing its pain.
The orc priest is no longer sharing its pain.
The orc warrior hits you from afar with a +0 glaive!
* * * LOW HITPOINT WARNING * * *
The orc priest calls upon Beogh to heal the orc warrior.
The orc warrior's wounds heal themselves!
You take 10 damage, and have 28/100 hp.
You claw the orc warrior!
You kill the orc warrior!
The orc warrior completely misses you.
You barely miss the orc. You block the orc's attack.
The orc warrior hits you from afar with a +0 glaive!
* * * LOW HITPOINT WARNING * * *
The orc priest invokes the aid of Beogh against you.
Beogh smites you!
* * * LOW HITPOINT WARNING * * *
You take 23 damage, and have 6/100 hp.
MASSIVE DAMAGE!!
You mangle the orc!!
You kill the orc!
Okay, then.
You feel better. You block the orc warrior's attack.
You regained 10 hp, and now have 17/100 hp.
You scratch the orc priest.
The orc priest is moderately wounded.
The orc warrior hits you from afar with a +0 glaive!
* * * LOW HITPOINT WARNING * * *
The orc priest invokes the aid of Beogh against you.
Beogh smites you!
You die...

##..### #....
#..## #....
##.## ##...
#..# #.... ##
#.## #....
##8# ###.#
#.... ..#..)#
#...# #....
.....))###.###
#....
....))ooh..#
##...
......o#####
##.. ..#/..#
### ##8# ##


You could see an orc warrior, an orc priest and an orc.

Vanquished Creatures
  A deep elf pyromancer (D:9)
  A rime drake (D:9)
  A polar bear (D:9)
  A vampire (D:9)
  A wyvern (D:9)
  A steam dragon (D:6)
  3 water moccasins
  An acid dragon (D:9)
  5 orc warriors (D:9)
  A sky beast (D:7)
  10 ice beasts (D:9)
  A black bear (D:6)
  3 wolves (D:9)
  4 centaurs
  An ogre (D:7)
  A phantom (D:7)
  3 kobold brigands
  A bullfrog (D:7)
  2 scorpions (D:4)
  Blork the orc (D:6)
  2 gnoll sergeants
  13 wights
  6 killer bees (D:9)
  A howler monkey (D:8)
  A quasit (D:5)
  4 jellies
  6 hounds
  5 orc priests
  14 orc wizards
  2 iguanas (D:6)
  3 sleepcaps
  5 adders
  13 gnolls
  2 shadow imps
  5 white imps
  4 ufetubi
  2 worms
  6 dart slugs
  43 orcs
  8 ball pythons
  6 endoplasms
  2 giant cockroaches (D:1)
  7 goblins
  8 hobgoblins
  6 jackals
  32 kobolds
  4 quokkas
  5 bats
  6 frilled lizards
  4 rats
268 creatures vanquished.

Notes
Turn   | Place    | Note
-------+----------+-------------------------------------------
     0 | D:1      | Dirtsage the Troll Shapeshifter began the quest for the
                  | Orb.
     0 | D:1      | Reached XP level 1. HP: 18/18 MP: 0/0
    45 | D:1      | Reached skill level 1 in Fighting
   107 | D:1      | Reached XP level 2. HP: 27/27 MP: 1/1
   241 | D:1      | Reached XP level 3. HP: 33/33 MP: 2/2
   697 | D:2      | Reached skill level 4 in Unarmed Combat
   779 | D:2      | Reached XP level 4. HP: 41/41 MP: 3/3
  1278 | D:3      | Identified the ring "Dot Qawn" {rPois MP+9}
  1595 | D:3      | Reached XP level 5. HP: 48/49 MP: 4/4
  1976 | D:4      | Reached skill level 5 in Unarmed Combat
  2187 | D:4      | Reached XP level 6. HP: 51/59 MP: 5/5
  2339 | D:4      | Found a staircase to the Ecumenical Temple.
  2382 | Temple   | Entered the Ecumenical Temple
  2394 | Temple   | Became a worshipper of Uskayaw the Reveller
  2521 | D:5      | Entered Level 5 of the Dungeon
  2528 | D:5      | Reached * piety under Uskayaw
  2531 | D:5      | Reached ** piety under Uskayaw
  2540 | D:5      | Reached *** piety under Uskayaw
  2610 | D:5      | Found an iron altar of Okawaru.
  2686 | D:5      | Noticed a water moccasin
  2693 | D:5      | Killed a water moccasin
  2694 | D:5      | Reached skill level 6 in Unarmed Combat
  2694 | D:5      | Reached skill level 1 in Invocations
  2694 | D:5      | Reached XP level 7. HP: 67/67 MP: 6/6
  2694 | D:5      | Reached **** piety under Uskayaw
  3027 | D:6      | Noticed Blork the orc
  3035 | D:6      | Killed Blork the orc
  3141 | D:6      | Reached skill level 7 in Unarmed Combat
  3141 | D:6      | Reached XP level 8. HP: 62/76 MP: 8/8
  3173 | D:6      | Reached skill level 5 in Shapeshifting
  3988 | D:7      | Reached skill level 8 in Unarmed Combat
  4195 | D:7      | Found Eridalubra's Weapon Emporium.
  4322 | D:7      | Reached XP level 9. HP: 85/85 MP: 10/10
  4979 | D:8      | Found a burning altar of Makhleb.
  5175 | D:8      | Reached skill level 9 in Unarmed Combat
  5179 | D:8      | Reached skill level 1 in Shields
  5409 | D:8      | Reached skill level 5 in Fighting
  5555 | D:8      | Found Reptuss's Magic Scroll Emporium.
  5565 | D:8      | Bought a scroll of fog for 48 gold pieces
  5565 | D:8      | Bought a scroll of blinking for 90 gold pieces
  5565 | D:8      | Bought a scroll of teleportation for 36 gold pieces
  5565 | D:8      | Bought a scroll of enchant armour for 90 gold pieces
  5818 | D:9      | Reached skill level 5 in Invocations
  5821 | D:9      | Reached ***** piety under Uskayaw
  5828 | D:9      | Reached XP level 10. HP: 84/96 MP: 12/12
  5832 | D:9      | Reached ****** piety under Uskayaw
  5856 | D:9      | Noticed a deep elf pyromancer
  6076 | D:9      | Killed a deep elf pyromancer
  6077 | D:9      | Reached skill level 10 in Unarmed Combat
  6333 | D:9      | Found a staircase to the Lair.
  6403 | D:9      | Killed from afar by an orc priest

Illustrated notes

Levels and vault maps discovered:
D:1:      dpeg_arrival_shelter, layout_rooms, hangedman_decor_diamond_cutter,
          st_stairs_7
D:2:      layout_rooms, grunt_ministairs_8, feat_on_display
D:3:      layout_basic, chequers_garden, lexackson_kobold_supper
D:4:      layout_gridville, temple_statues, minmay_cut_off
D:5:      layout_rooms, okawaru_trees_1, serial_demonic, serial_demonic_c,
          serial_demonic_g, serial_demonic_b, serial_demonic_d
D:6:      layout_loops_corners, uniq_blork_the_orc
D:7:      layout_gridville, serial_shops, nicolae_shop_bloodbath_and_beyond
D:8:      layout_basic, bloody_makhleb, serial_shops, nicolae_stop_n_shop_1
D:9:      layout_rooms, hellmonk_lair_entry_icy, david_orc_4
Temple:   compressed_dpeg_circular_temple

Skill      XL: |  1  2  3  4  5  6  7  8  9 10 |
---------------+-------------------------------+-----
Fighting       | 1 2 3 4 5 6 |  6.4
Unarmed Combat | 4 5 6 7 8 9 10 | 10.2
Shapeshifting  | 4 5 6 7 |  7.0
Invocations    | 1 2 3 5 6 |  6.3
Shields        | 2 4 |  4.6
Dodging        | |  1.5

Action                     |  1- 3 |  4- 6 |  7- 9 | 10-12 || total
---------------------------+-------+-------+-------+-------++-------
  Melee: Unarmed           |   117 |   132 |   283 |   135 ||   667
         Punch             |     2 |     2 |     2 |       ||     6
    Use: Scroll            |       |       |    14 |     2 ||    16
         Potion            |       |       |     1 |     4 ||     5
   Stab: Sleeping          |       |     1 |       |       ||     1
         Paralysed         |       |     1 |    20 |     9 ||    30
 Armour: Animal skin       |    83 |    83 |   197 |    30 ||   393
         Skin              |       |       |       |    78 ||    78
         Acid dragon scale |       |       |       |    33 ||    33
  Dodge: Dodged            |    58 |    80 |   159 |    71 ||   368
  Block: Kite shield       |       |       |    57 |    82 ||   139

Table legend: (Time is in decaauts)
 A = Elapsed time spent in this place.
 B = Non-inter-level travel time spent in this place.
 C = Inter-level travel time spent in this place.
 D = Time resting spent in this place.
 E = Time spent auto-exploring this place.
 F = Levels seen in this place.
 G = Mean time per level.
                   A        B        C        D        E       F      G
               +--------+--------+--------+--------+--------+-----+--------+
         Total |   6348 |   6057 |    291 |    100 |   4588 |  10 |  634.8 |
       Dungeon |   6321 |   6052 |    269 |    100 |   4588 |   9 |  702.3 |
        Temple |     27 |      5 |     22 |      0 |      0 |   1 |   27.0 |
               +--------+--------+--------+--------+--------+-----+--------+

Top non-repeatable levels by time:
     D:7: 990 daAuts
     D:6: 956 daAuts
     D:3: 767 daAuts
     D:8: 718 daAuts
     D:4: 699 daAuts
     D:9: 696 daAuts
     D:1: 560 daAuts
     D:5: 483 daAuts
     D:2: 448 daAuts
  Temple: 27 daAuts
